 Dungeon Crawl Stone Soup version 0.23.1-37-gaa34b87b72 (webtiles) character file.

Game seed: 16317642867649247394

3836 Acheron the Chopper (level 9, -1/86 HPs)
             Began as a Minotaur Chaos Knight on Mar 28, 2019.
             Was a Plaything of Xom.
             Slain by Harold
             ... wielding a +2 war axe of distortion
              (16 damage)
             ... on level 8 of the Dungeon.
             The game lasted 00:42:06 (7692 turns).

Acheron the Chopper (Minotaur Chaos Knight)         Turns: 7692, Time: 00:42:07

Health: -1/86      AC: 12    Str: 17    XL:     9   Next: 98%
Magic:  11/11      EV: 17    Int: 12    God:    Xom [..*...]
Gold:   239        SH:  4    Dex: 14    Spells: 8/8 levels left

rFire    . . .     SeeInvis .   w - +3 dagger (elec)
rCold    . . .     Gourm    .   (no shield)
rNeg     . . .     Faith    .   b - +2 leather armour
rPois    .         Spirit   .   (helmet restricted)
rElec    .         Reflect  .   M - +0 cloak
rCorr    .         Harm     .   (no gloves)
MR       .....     Clarity  +   (no boots)
Stlth    +++.......             (no amulet)
HPRegen  0.24/turn              v - +5 ring of protection
MPRegen  0.12/turn              (no ring)

@: no status effects
A: retaliatory headbutt, claws 1, horns 2, talons 1, repulsion field 1, large
bone plates 1, agile 1, clarity, clever 1, robust 1
a: Renounce Religion


You were on level 8 of the Dungeon.
You worshipped Xom.
You were a toy of Xom.
You were hungry.

You visited 2 branches of the dungeon, and saw 10 of its levels.

You collected 239 gold pieces.

Inventory:

Hand Weapons
 a - a +0 hand axe of chaos
 m - a +0 short sword
 n - a +0 hand crossbow
 o - a +1 whip of pain
 w - a +3 dagger of electrocution (weapon)
 G - a +0 trident
Missiles
 d - 112 stones (quivered)
 l - 21 sling bullets
 z - 3 throwing nets
Armour
 b - a +2 leather armour (worn)
 q - a +3 leather armour
 E - a +0 scale mail
 M - a +0 cloak (worn)
Magical Staves
 e - an uncursed staff of wizardry
 B - an uncursed staff of poison
 F - an uncursed staff of earth
Jewellery
 v - a +5 ring of protection (left claw)
 A - an uncursed ring of positive energy
Wands
 h - a wand of random effects (2)
 k - a wand of digging (4)
 y - a wand of scattershot (7)
Scrolls
 f - 3 scrolls of remove curse
 r - 4 scrolls of amnesia
 C - 3 scrolls of magic mapping
 D - a scroll of enchant weapon
 J - a scroll of identify
 K - a scroll of blinking
 L - a scroll of teleportation
Potions
 g - a potion of curing
 i - 3 potions of invisibility
 j - a potion of ambrosia {unknown}
 p - a potion of flight {unknown}
 s - a potion of heal wounds {unknown}
 t - a potion of mutation {unknown}
 u - 2 potions of lignification
 x - a potion of agility {unknown}
 H - a potion of haste {unknown}
 I - 2 potions of degeneration {unknown}
 O - a potion of brilliance {unknown}
Comestibles
 c - 16 rations


   Skills:
 * Level 7.2 Fighting
 * Level 6.1 Short Blades
 + Level 7.9 Axes
 * Level 5.9 Armour
 * Level 6.2 Dodging
 * Level 5.2 Stealth
 * Level 4.2 Evocations


You had 8 spell levels left.
You didn't know any spells.
Your spell library contained the following spells:

 Spells                   Type           Power        Failure   Level  Hunger
 Corona                   Hex            #......      36%         1    ##.....
 Ensorcelled Hibernation  Hex/Ice        #.....       52%         2    ###....
 Confuse                  Hex            #.......     75%         3    ####...
 Dazzling Spray           Conj/Hex       #.....       75%         3    ####...
 Tukima's Dance           Hex            #.......     75%         3    ####...
 Bolt of Magma            Conj/Fire/Erth #.........   100%        5    ######.
 Iskenderun's Battlesphe  Conj/Chrm      #.......     100%        5    ######.
 Venom Bolt               Conj/Pois      #.........   100%        5    ######.
 Iron Shot                Conj/Erth      #.........   100%        6    #######
 Orb of Destruction       Conj           #.........   100%        7    #######
 Spellforged Servitor     Conj/Summ      #.........   100%        7    #######


Dungeon Overview and Level Annotations

Branches:
Dungeon (9/15)             Temple (1/1) D:4
   Lair: D:8-11         Orc: D:9-12

Altars:
Ashenzari
Dithmenos
Fedhas
Kikubaaqudgha
Makhleb
Qazlal
Ru
Vehumet
Xom
Yredelemnul
Zin
The Shining One

Annotations:
D:3 exclusion: downstairs
D:6 Edmund
D:7 exclusion: downstairs
D:8 Harold
D:9 exclusion: ice statue


Innate Abilities, Weirdness & Mutations

You reflexively headbutt those who attack you in melee.
You have a pair of horns on your head.
You have sharp fingernails.
You have sharp toenails.
You are surrounded by a mild repulsion field. (EV +2)
You are partially covered in large bone plates. (SH +4)
You are agile. (Dex +2)
You possess an exceptional clarity of mind.
Your mind is acute. (Int +2)
You are robust. (+10% HP)


Message History

Harold hits you with a +2 war axe of distortion!
Space warps horribly around you!
You strike the helpless Harold from behind!
You impale Harold!! You claw Harold, but do no damage. You headbutt Harold!
Harold is heavily wounded.
You barely miss Harold. You headbutt Harold, but do no damage.
Harold is heavily wounded.
Harold hits you with a +2 war axe of distortion!
Space warps horribly around you!
You hit Harold but do no damage. You claw Harold, but do no damage.
Harold is heavily wounded.
The gnoll looks very confused.
You hit Harold but do no damage. Lightning courses through Harold!
You claw Harold, but do no damage.
Harold is severely wounded.
Harold hits you with a +2 war axe of distortion!!
* * * LOW HITPOINT WARNING * * *
Space warps horribly around you!
You die...
Xom roars with laughter!

#.#(######..####.. #.#.#
#........ #.#.####
#..####.# ####.#....#
#..###... #.....#.#.#
#........ #......_..#
##.###... #.....#.### #.#
##.. #.......# #.####..
#...@@.##### #.#.....
###.##<#...###.......
#..g........@.(......
#######.#..###...#####@g...
#..........####### #.....
#.#####.....# #####. #.#
#.....# #. #.# #.....# #.
#.# ###.....# #g


You could see Harold (confused) and a gnoll (confused).

Vanquished Creatures
  Pikel (D:7)
  A snapping turtle (shapeshifter) (D:4)
  A yak (D:7)
  A wyvern (D:8)
  A human (D:7)
  A hungry ghost (D:5)
  3 hogs (D:7)
  Menkaure (D:5)
  A black bear (D:6)
  A sky beast (D:9)
  A slave (D:7)
  2 ice beasts (D:7)
  2 centaurs
  2 ogres
  3 bullfrogs
  2 scorpions
  4 howler monkeys
  A crimson imp (D:8)
  2 jellies
  2 orc priests
  5 hounds
  2 orc wizards (D:7)
  A gnoll shaman (D:7)
  Jessica (D:2)
  4 iguanas
  8 worker ants
  Terence (D:2)
  A hound zombie (D:7)
  A howler monkey zombie (D:7)
  2 worker ant zombies
  6 gnolls
  8 adders
  3 shadow imps
  An ooze (D:7)
  2 adder skeletons
  An adder zombie (D:7)
  2 worms (D:2)
  A dart slug (D:1)
  A leopard gecko (D:1)
  15 orcs
  3 bats
  4 giant cockroaches
  8 hobgoblins
  6 jackals
  A quokka (D:4)
  2 ball pythons
  7 frilled lizards
  8 goblins
  A jackal skeleton (D:5)
  4 kobolds
  A quokka skeleton (D:5)
  5 rats
149 creatures vanquished.

Vanquished Creatures (collateral kills)
  2 orc wizards (D:4)
2 creatures vanquished.

Vanquished Creatures (others)
  An orc wizard (D:7)
  An orc (D:7)
2 creatures vanquished.

Grand Total: 153 creatures vanquished

Notes
Turn   | Place    | Note
-------+----------+-------------------------------------------
     0 | D:1      | Acheron the Minotaur Chaos Knight began the quest for the
                  | Orb.
     0 | D:1      | Reached XP level 1. HP: 19/19 MP: 0/0
   155 | D:1      | XOM: divination: detect items
   225 | D:1      | XOM: harmless Summ miscast
   227 | D:1      | XOM: potion effect (haste)
   239 | D:1      | Reached XP level 2. HP: 27/27 MP: 1/1
   504 | D:2      | Noticed Jessica
   506 | D:2      | Killed Jessica
   506 | D:2      | Reached skill level 1 in Stealth
   506 | D:2      | Reached XP level 3. HP: 29/33 MP: 2/2
   544 | D:2      | XOM: divination: detect creatures
   921 | D:2      | Found a shimmering altar of Xom.
   923 | D:2      | Found a burning altar of Makhleb.
   932 | D:2      | Found a blossoming altar of Fedhas.
   941 | D:2      | Reached XP level 4. HP: 35/41 MP: 3/3
  1005 | D:2      | Found a shattered altar of Ashenzari.
  1142 | D:3      | Found a faded altar of an unknown god.
  1332 | D:3      | XOM: mild Hex miscast
  1622 | D:3      | XOM: mild Summ miscast
  2218 | D:2      | Reached XP level 5. HP: 39/47 MP: 4/4
  2241 | D:2      | XOM: harmless Erth miscast
  2257 | D:2      | Noticed Terence
  2269 | D:2      | Killed Terence
  2389 | D:2      | XOM: harmless Conj miscast
  2444 | D:2      | XOM: divination: detect creatures
  2452 | D:3      | Reached skill level 5 in Axes
  2482 | D:4      | Noticed Edmund
  2582 | D:4      | HP: 1/47 [hound (3)]
  2611 | D:3      | Reached skill level 1 in Evocations
  3022 | D:4      | Reached XP level 6. HP: 46/55 MP: 5/5
  3095 | D:4      | XOM: silly message
  3105 | D:5      | Entered Level 5 of the Dungeon
  3256 | D:4      | XOM: potion effect (might)
  3272 | D:4      | Found a staircase to the Ecumenical Temple.
  3281 | Temple   | Entered the Ecumenical Temple
  3387 | D:4      | You fall through a shaft for 2 floors!
  3426 | D:6      | XOM: potion effect (haste)
  3441 | D:6      | Reached skill level 5 in Fighting
  3456 | D:6      | Reached XP level 7. HP: 31/61 MP: 7/7
  3779 | D:6      | XOM: harmless Fire miscast
  3883 | D:6      | XOM: harmless Conj miscast
  4075 | D:6      | Found a stormy altar of Qazlal.
  4078 | D:6      | Noticed a fire elemental
  4079 | D:6      | Noticed an air elemental
  4079 | D:6      | Noticed a water elemental
  4235 | D:5      | Found a glowing silver altar of Zin.
  4469 | D:4      | Noticed a glowing shapeshifter
  4469 | D:4      | an orc changed into a glowing shapeshifter
  4469 | D:4      | XOM: polymorph orc -> glowing shapeshifter
  4469 | D:4      | Noticed a glowing orange brain
  4469 | D:4      | a glowing shapeshifter changed into a glowing orange brain
  4470 | D:4      | XOM: enchant monster (good)
  4470 | D:4      | Noticed a shining eye
  4470 | D:4      | a glowing orange brain changed into a shining eye
  4471 | D:4      | XOM: cast spell 'Alistair's Intoxication'
  4472 | D:4      | Noticed a merfolk
  4472 | D:4      | a shining eye changed into a merfolk
  4474 | D:4      | Noticed a wolf spider
  4474 | D:4      | a merfolk changed into a wolf spider
  4476 | D:4      | Noticed a two-headed ogre
  4476 | D:4      | a wolf spider changed into a two-headed ogre
  4478 | D:4      | Noticed a great orb of eyes
  4478 | D:4      | a two-headed ogre changed into a great orb of eyes
  4479 | D:4      | Noticed a fire dragon
  4479 | D:4      | a great orb of eyes changed into a fire dragon
  4480 | D:4      | Noticed a merfolk
  4480 | D:4      | a fire dragon changed into a merfolk
  4481 | D:4      | XOM: fake destruction
  4489 | D:4      | Noticed a slime creature
  4489 | D:4      | a merfolk changed into a slime creature
  4490 | D:4      | Noticed a snapping turtle
  4490 | D:4      | a slime creature changed into a snapping turtle
  4497 | D:4      | Killed a snapping turtle
  4497 | D:4      | Reached XP level 8. HP: 19/69 MP: 7/9
  4790 | D:4      | XOM: cloud trail
  4832 | D:4      | Found a sacrificial altar of Ru.
  4832 | D:4      | Found a shadowy altar of Dithmenos.
  4899 | D:5      | Noticed Menkaure
  4909 | D:5      | Killed Menkaure
  4919 | D:5      | XOM: scenery: create altars
  5167 | D:5      | Reached skill level 1 in Short Blades
  5183 | D:5      | Found a glowing golden altar of the Shining One.
  5246 | D:5      | XOM: give mutations
  5246 | D:5      | Gained mutation: You have sharp fingernails. [Xom's grace]
  5246 | D:5      | Gained mutation: You are agile. (Dex +2) [Xom's grace]
  5246 | D:5      | Gained mutation: Your mind is acute. (Int +2) [Xom's grace]
  5246 | D:5      | Gained mutation: You possess an exceptional clarity of
                  | mind. [Xom's grace]
  5712 | D:7      | Noticed Harold
  5712 | D:7      | XOM: cast spell 'Disjunction'
  5725 | D:7      | XOM: 3-stop teleportation journey
  5811 | D:7      | XOM: summons 3 friendly demons
  5849 | D:7      | XOM: harmless Erth miscast
  5861 | D:7      | Reached skill level 5 in Dodging
  5864 | D:7      | Found a basalt altar of Yredelemnul.
  5871 | D:7      | Found a radiant altar of Vehumet.
  5950 | D:7      | XOM: divination: magic mapping
  5959 | D:7      | Reached skill level 5 in Armour
  5959 | D:7      | Reached XP level 9. HP: 65/75 MP: 10/10
  5970 | D:7      | XOM: divination: detect items
  6172 | D:8      | HP: 3/78 [Harold/+2 war axe of distortion (12)]
  6665 | D:9      | Noticed an ice statue
  6743 | D:8      | Found an ancient bone altar of Kikubaaqudgha.
  6860 | D:8      | XOM: fog
  6865 | D:7      | Noticed Pikel
  6885 | D:7      | Killed Pikel
  6885 | D:7      | Reached skill level 5 in Short Blades
  6885 | D:7      | Reached skill level 5 in Stealth
  6886 | D:7      | XOM: summons friendly iron imp
  7039 | D:7      | XOM: smoke on damage
  7277 | D:7      | XOM: enchant monster (good)
  7433 | D:7      | XOM: harmless Air miscast
  7640 | D:8      | XOM: give mutations
  7640 | D:8      | Gained mutation: You are robust. (+10% HP) [Xom's grace]
  7640 | D:8      | Gained mutation: You have sharp toenails. [Xom's grace]
  7640 | D:8      | Gained mutation: You are partially covered in large bone
                  | plates. (SH +4) [Xom's grace]
  7640 | D:8      | Gained mutation: You are surrounded by a mild repulsion
                  | field. (EV +2) [Xom's grace]
  7685 | D:8      | XOM: confuse monster(s)
  7692 | D:8      | Slain by Harold

Skill      XL: |  1  2  3  4  5  6  7  8  9 |
---------------+----------------------------+-----
Fighting       | 4 5 6 7 |  7.2
Axes           | 4 5 6 7 |  7.9
Stealth        | 1 2 3 4 5 |  5.2
Dodging        | 2 3 4 5 6 |  6.2
Armour         | 3 4 5 |  5.9
Evocations     | 1 2 3 4 |  4.2
Short Blades   | 3 6 |  6.1

Action                   |  1- 3 |  4- 6 |  7- 9 || total
-------------------------+-------+-------+-------++-------
Melee: Hand axe          |    52 |   159 |    67 ||   278
       Headbutt          |     3 |    24 |    52 ||    79
       Dagger            |       |       |   211 ||   211
       Kick              |       |       |     4 ||     4
Throw: Stone             |       |       |     2 ||     2
Evoke: Wand              |       |       |    10 ||    10
  Use: Scroll            |     4 |     5 |     6 ||    15
       Potion            |       |     1 |     2 ||     3
 Stab: Sleeping          |     2 |     2 |     6 ||    10
       Paralysed         |       |     1 |     1 ||     2
       Confused          |       |       |     2 ||     2
       Petrifying        |       |       |     2 ||     2
       Distracted        |       |       |     1 ||     1
  Eat: Chunk             |       |     8 |     6 ||    14
       Ration            |       |       |     3 ||     3
Armor: Leather armour    |    25 |    44 |    68 ||   137
Dodge: Dodged            |    20 |    97 |   163 ||   280
Block: Other             |       |       |     1 ||     1
